[Event "Late-Titled-Tuesday-Blitz-March-26-2024"]
[Site "Chess.com"]
[Date "2024.03.26"]
[Round "5"]
[White "Nf3c5"]
[Black "BallottiLuca"]
[Result "1-0"]
[WhiteElo "2555"]
[BlackElo "2351"]
[TimeControl "180+1"]
[EndTime "14:56:50 PDT"]
[Termination "Nf3c5 won by resignation"]

1. e4 e5 2. Nf3 Nf6 3. Nc3 Nc6 4. h3 Bb4 5. Nd5 Nxd5 6. exd5 e4 7. dxc6 exf3 8.
Qxf3 dxc6 9. Bd3 Qe7+ 10. Kd1 Be6 11. Re1 O-O-O 12. Bf5 Rd6 13. c3 Bc5 14. d4 Rhd8 15. Kc2 Bb6 16. b4 Kb8 17. Bxe6 Rxe6 18. Bd2 a5 19. a3 a4 20. Qg4 g6 21. Rxe6 fxe6 22.
Re1 Qf7 23. Qxe6 Qxf2 24. Re2 Qf1 25. Kb2 Ka7 26. Bc1 Qd1 27. Rc2 Rxd4 28. cxd4 Bxd4+ 29. Kb1 Qd3 30. Qc4 Qe4 31. Bb2 Qe1+ 32. Rc1 Qe4+ 33.
Qc2 Qd5 34. Bxd4+ Qxd4 35. Qc5+ 1-0

[Event "Late-Titled-Tuesday-Blitz-March-26-2024"]
[Site "Chess.com"]
[Date "2024.03.26"]
[Round "5"]
[White "publicaccountcze"]
[Black "financieru"]
[Result "1-0"]
[WhiteElo "2262"]
[BlackElo "2405"]
[TimeControl "180+1"]
[EndTime "14:56:50 PDT"]
[Termination "publicaccountcze won on time"]

1. e4 c5 2. Nf3 e6 3. d4 cxd4 4. Nxd4 a6 5. Bd3 d6 6. Nc3 Nf6 7. f4 Be7 8. Qf3 O-O 9. Be3 Nc6 10. O-O-O Qa5 11. Nb3 Qc7 12. g4 Nd7 13. g5 b5 14. f5 Nde5 15. Qh3 Re8 16. f6 Bf8 17. Rhf1 Bb7 18. Rf4 Rac8 19. Rh4 h6 20. fxg7 Bxg7 21. gxh6 Bf6 22. Rg1+ Kh8 23. Rf4 Nxd3+ 24. cxd3 Be5 25. d4 Nxd4 26. Bxd4 b4 27. Bxe5+ dxe5 28. Qh4 Qe7 29. Qh5 exf4 30. Rg7 Qf6 31. Rxf7 Rxc3+ 32. Kb1 Bxe4+ 33. Ka1 Qd4 34. Rg7 1-0

[Event "Late-Titled-Tuesday-Blitz-March-26-2024"]
[Site "Chess.com"]
[Date "2024.03.26"]
[Round "5"]
[White "Bilan_Danila"]
[Black "a-z30"]
[Result "1-0"]
[WhiteElo "2635"]
[BlackElo "2470"]
[TimeControl "180+1"]
[EndTime "14:56:53 PDT"]
[Termination "Bilan_Danila won on time"]

1. d4 d6 2. Nf3 Nf6 3. Bg5 Nbd7 4. c3 e5 5. Nbd2 Be7 6. e4 O-O 7. Qc2 c6 8. dxe5 dxe5 9. a4 Qc7 10. Be2 Re8 11. O-O Nf8 12. Nc4 Ng6 13. Ne3 h6 14.
Bxf6 Bxf6 15. Rad1 Nf4 16. Bc4 g6 17. Rd2 Kg7 18.
Rfd1 a5 19. Bb3 Be7 20. Nc4 Bc5 21. Nd6 Bxd6 22. Rxd6 Bg4 23. Qd2 Re7 24. Qe3 Bxf3 25. Qxf3 Qb6 26. Bc4 Qxb2 27. g3 Nh3+ 28. Kg2 Ng5 29.
Qf6+ Kh7 30. Qxe7 1-0

[Event "Late-Titled-Tuesday-Blitz-March-26-2024"]
[Site "Chess.com"]
[Date "2024.03.26"]
[Round "5"]
[White "varunkrishnanchess"]
[Black "ural58"]
[Result "1-0"]
[WhiteElo "2630"]
[BlackElo "2467"]
[TimeControl "180+1"]
[EndTime "14:56:56 PDT"]
[Termination "varunkrishnanchess won by resignation"]

1. d4 e6 2. e4 d5 3. Nc3 dxe4 4. Nxe4 Bd7 5. Nf3 Bc6 6. Bd3 Nd7 7. O-O Ngf6 8. Qe2 Nxe4 9. Bxe4 Bxe4 10. Qxe4 c6 11. b3 Nf6 12. Qe2 Be7 13. Bb2 O-O 14. Ne5 a5 15. a4 Qc7 16. Qf3 Rad8 17. Rad1 Nd5 18. Rfe1 b5 19. c4 bxc4 20. bxc4 Nb4 21. Qg4 Bf6 22. h4 Bxe5 23. Rxe5 Rfe8 24. d5 f5 25. Qe2 cxd5 26. cxd5 Qc2 27. Rd2 Qb1+ 28. Kh2 Qa2 29.
Rxe6 Qxa4 30. d6 Qd7 31. Re7 Rxe7 32. dxe7 Qc7+ 33. g3 Re8 34. Qe6+ Kh8 35. Qf7 1-0

[Event "Late-Titled-Tuesday-Blitz-March-26-2024"]
[Site "Chess.com"]
[Date "2024.03.26"]
[Round "5"]
[White "GlavkonVVS"]
[Black "mbojan"]
[Result "0-1"]
[WhiteElo "2648"]
[BlackElo "2878"]
[TimeControl "180+1"]
[EndTime "14:56:58 PDT"]
[Termination "mbojan won by resignation"]

1. c4 Nf6 2. Nc3 g6 3. g3 d6 4. Bg2 Nc6 5. Nf3 Bd7 6. d3 Bg7 7. Rb1 a5 8. a3 O-O 9. b4 axb4 10.
axb4 e5 11. b5 Nd4 12. e3 Nxf3+ 13. Bxf3 Qc8 14. O-O Bh3 15. Re1 Re8 16. Bd2 h6 17.
Qb3 Ng4 18. Nd5 Qf5 19. Qd1 Ra2 20. e4 Qd7 21. Ne3 h5 22. Nxg4 hxg4 23. Bg2 Rea8 24. Be3 b6 25. Re2 R2a3 26. Rd2 Qe7 27. Bxh3 gxh3 28.
Qg4 Qe6 29. Qxe6 fxe6 30. f3 Ra2 31. Rbd1 Rxd2 32. Bxd2 Ra2 33. Kf1 Kh7 34. f4 Bh6 35.
Ke1 exf4 36. gxf4 Kg7 37. Kf1 e5 38. Ke1 Bxf4 39. Bxf4 exf4 40. Rd2 Rxd2 41. Kxd2 g5 42. Ke2 g4 43. d4 g3 44. Kf3 gxh2 0-1

[Event "Late-Titled-Tuesday-Blitz-March-26-2024"]
[Site "Chess.com"]
[Date "2024.03.26"]
[Round "5"]
[White "newauto"]
[Black "deepfear"]
[Result "1-0"]
[WhiteElo "2215"]
[BlackElo "1952"]
[TimeControl "180+1"]
[EndTime "14:56:58 PDT"]
[Termination "newauto won on time"]

1. d4 Nf6 2. Nf3 g6 3. Bg5 h6 4. Bxf6 exf6 5. e3 Bg7 6. Bd3 f5 7. c3 d5 8. O-O Nd7 9. Re1 h5 10. Nbd2 Nf6 11. Nf1 h4 12. h3 Ne4 13. c4 c6 14.
cxd5 cxd5 15. Qb3 O-O 16. Rac1 a6 17. a4 Rb8 18. Rc2 g5 19. Bxa6 g4 20. Ne5 gxh3 21. gxh3 Qg5+ 22. Kh1 f4 23. Qxd5 Bf5 24. Bd3 f3 25.
Nxf3 Qg6 26. Nxh4 Qh6 27. Nxf5 Qxh3+ 28. Nh2 Ng5 29. Nxg7 1-0

[Event "Late-Titled-Tuesday-Blitz-March-26-2024"]
[Site "Chess.com"]
[Date "2024.03.26"]
[Round "5"]
[White "aghasiyevkamal"]
[Black "ViIIagra"]
[Result "0-1"]
[WhiteElo "2650"]
[BlackElo "2881"]
[TimeControl "180+1"]
[EndTime "14:57:01 PDT"]
[Termination "ViIIagra won by resignation"]

1. d4 d6 2. Nf3 Nf6 3. Nc3 Bf5 4. Bg5 Nbd7 5. Nh4 Bg6 6. Nxg6 hxg6 7. e4 e5 8. Be2 Be7 9. O-O Nxe4 10. Bxe7 Qxe7 11.
Nxe4 Qh4 12. f4 Qxh2+ 13. Kf2 Qxf4+ 14. Bf3 d5 15. Nc3 c6 16. Ne2 Qf6 17. dxe5 Nxe5 18.
Qd4 Rh4 19. Qd2 Nxf3 20. gxf3 Rh2+ 21. Ke1 Kd7 22. Qb4 Re8 23. Qxb7+ Kd6 24. Qb4+ c5 25. Qd2 Qe5 26. Rf2 Qg3 0-1

[Event "Late-Titled-Tuesday-Blitz-March-26-2024"]
[Site "Chess.com"]
[Date "2024.03.26"]
[Round "5"]
[White "Slovineanu"]
[Black "BebeBonito2022"]
[Result "1-0"]
[WhiteElo "2506"]
[BlackElo "2294"]
[TimeControl "180+1"]
[EndTime "14:57:02 PDT"]
[Termination "Slovineanu won on time"]

1. d4 Nf6 2. Nf3 d5 3. c4 e6 4. e3 Be7 5. b3 O-O 6. Bd3 b6 7. O-O Bb7 8. Bb2 Nbd7 9. Nc3 c5 10. Qe2 cxd4 11. exd4 a6 12. Rad1 Qc7 13. Ne5 Rfd8 14. f4 g6 15. h3 dxc4 16. bxc4 Bf8 17. g4 Re8 18. Kh2 Bg7 19. h4 h5 20. gxh5 Nxe5 21.
fxe5 Nxh5 22. Be4 Rad8 23. Bxb7 Qxb7 24. Ne4 b5 25. c5 Bh6 26. Nd6 Rxd6 27. cxd6 Bf4+ 28.
Kh3 Ng3 29. Qf3 Qxf3 30. Rxf3 Nh5 31. Bc1 1-0

[Event "Late-Titled-Tuesday-Blitz-March-26-2024"]
[Site "Chess.com"]
[Date "2024.03.26"]
[Round "5"]
[White "frequentblunders"]
[Black "Doublekk14"]
[Result "0-1"]
[WhiteElo "2212"]
[BlackElo "2404"]
[TimeControl "180+1"]
[EndTime "14:57:02 PDT"]
[Termination "Doublekk14 won on time"]

1. f4 e5 2. Nf3 e4 3. Ng1 d5 4. e3 c5 5. c4 d4 6. d3 exd3 7. Bxd3 Nc6 8. Nf3 Nf6 9. e4 Bg4 10.
O-O Be7 11. h3 Bxf3 12. Qxf3 O-O 13. Nd2 Nb4 14. Bb1 d3 15. e5 Qd4+ 16. Kh1 Nd7 17. a3 Nc2 18. Bxc2 dxc2 19. Qxb7 Rfb8 20. Qf3 a5 21. Ra2 a4 22. Qc3 Nb6 23. Nf3 Qxc3 24. bxc3 Nxc4 25. Rxc2 Rb3 26. Rd1 Nxa3 27. Bxa3 Rxa3 28.
Rd7 Bf8 29. Ng5 Rb3 30. Nxf7 a3 31. Ra2 Rb2 0-1

[Event "Late-Titled-Tuesday-Blitz-March-26-2024"]
[Site "Chess.com"]
[Date "2024.03.26"]
[Round "5"]
[White "artooon"]
[Black "TigrVShlyape"]
[Result "0-1"]
[WhiteElo "3021"]
[BlackElo "2907"]
[TimeControl "180+1"]
[EndTime "14:57:03 PDT"]
[Termination "TigrVShlyape won by checkmate"]

1. e4 c5 2. Nf3 e6 3. d4 cxd4 4. Nxd4 a6 5. Bd3 Bc5 6. Nb3 Ba7 7. Qe2 d6 8. Be3 Bxe3 9. Qxe3 Nf6 10. c4 e5 11. Nc3 Be6 12. O-O Nbd7 13. Nd5 Bxd5 14. exd5 O-O 15. Rac1 b6 16. Nd2 a5 17. Nb1 Nc5 18. Nc3 g6 19. Be2 Nfd7 20. Nb5 Qe7 21.
f4 f5 22. g4 Rae8 23. gxf5 exf4 24. Qxe7 Rxe7 25. Bg4 Ne5 26. Be2 Rxf5 27. Nxd6 Rf6 28. Nb5 f3 29. Bd1 f2+ 30. Kg2 Ned3 31. Rb1 Re1 32.
Bg4 h5 33. Bc8 Ne4 34. Nd4 Nd2 35. Be6+ Kg7 36. d6 Nxf1 37. d7 Ne3+ 38. Kg3 f1=Q 39. d8=Q Qf2+ 40. Kh3 Nf4# 0-1

[Event "Late-Titled-Tuesday-Blitz-March-26-2024"]
[Site "Chess.com"]
[Date "2024.03.26"]
[Round "5"]
[White "Sanyura"]
[Black "Bkmzzzzz"]
[Result "1-0"]
[WhiteElo "2586"]
[BlackElo "2398"]
[TimeControl "180+1"]
[EndTime "14:57:03 PDT"]
[Termination "Sanyura won on time"]

1. e4 d6 2. d4 Nf6 3. Nc3 e5 4. Nf3 Nbd7 5. Bc4 Be7 6. O-O O-O 7. Re1 c6 8. a4 b6 9. Bb3 a6 10. dxe5 dxe5 11. Qe2 Qc7 12. Rd1 Nc5 13. Bc4 Bb7 14.
b4 Ncd7 15. Rb1 b5 16. axb5 axb5 17. Bb3 Nb6 18. Nh4 Bxb4 19. Bxf7+ Qxf7 20. Rxb4 Nc4 21. Nf5 Bc8 22. Rb1 Bxf5 23. exf5 Rfe8 24. Bg5 Nd7 25.
g4 Ndb6 26. Ne4 Nd5 27. Qf3 Ra3 28. Rd3 Ra2 29. c3 Rea8 30. Rbd1 Ra1 31. Rxa1 Rxa1+ 32. Kg2 Ra2 33. f6 h6 34. Bc1 Rc2 35. Be3 Ncxe3+ 36. Rxe3 Nxe3+ 37. Qxe3 gxf6 38. Ng3 Qg6 39. h3 Qg5 40. Qd3 Qf5 41. Nxf5 1-0

[Event "Late-Titled-Tuesday-Blitz-March-26-2024"]
[Site "Chess.com"]
[Date "2024.03.26"]
[Round "5"]
[White "XDPS"]
[Black "Azerichess"]
[Result "1-0"]
[WhiteElo "2910"]
[BlackElo "3027"]
[TimeControl "180+1"]
[EndTime "14:57:05 PDT"]
[Termination "XDPS won on time"]

1. d4 d5 2. Bf4 Nf6 3. e3 Bf5 4. Nf3 e6 5. Nbd2 Be7 6. Ne5 h6 7. Bd3 Bxd3 8. cxd3 O-O 9. O-O c6 10. a3 Nbd7 11. Ndf3 a5 12. Qe2 a4 13. Rac1 Ra6 14. e4 Nxe5 15. dxe5 dxe4 16. dxe4 Nd7 17. Rfd1 Qc7 18.
h4 Nc5 19. Rd6 Nb3 20. Rcd1 Bxd6 21. exd6 Qa5 22. Ne5 f6 23. Ng6 Rd8 24. e5 Qb5 25.
Qg4 Kf7 26. Ne7 Nd4 27. Qg6+ Kf8 28. Bxh6 Ne2+ 29. Kh1 1-0

[Event "Late-Titled-Tuesday-Blitz-March-26-2024"]
[Site "Chess.com"]
[Date "2024.03.26"]
[Round "5"]
[White "VD_coach"]
[Black "CaspiIsrael"]
[Result "0-1"]
[WhiteElo "2502"]
[BlackElo "2671"]
[TimeControl "180+1"]
[EndTime "14:57:06 PDT"]
[Termination "CaspiIsrael won by checkmate"]

1. d4 d5 2. c4 c6 3. Nf3 Nf6 4. Nc3 e6 5. cxd5 exd5 6. Bg5 Be7 7. e3 Bf5 8. Bd3 Bxd3 9. Bxf6 Bxf6 10. Qxd3 O-O 11.
O-O Nd7 12. b4 a6 13. a4 b5 14. a5 Be7 15. Na2 Bd6 16. Rfc1 Rc8 17. Nd2 Qe7 18.
Rab1 Rc7 19. Qc3 Rfc8 20. Nb3 Qh4 21. g3 Qg4 22. Nc5 Ra7 23. Rc2 h5 24. Nxd7 Rxd7 25. Rbc1 h4 26. Qe1 Rdc7 27. Qf1 g5 28. Qe2 Qe6 29.
Qh5 Qf6 30. Nc3 Kg7 31. Ne2 Bxb4 32. gxh4 gxh4 33. Nf4 Bd6 34. Qg4+ Kf8 35. Nh5 Qg6 36. Qxg6 fxg6 37. Nf6 Kf7 38. Ng4 Ke6 39. f3 g5 40. e4 Bf4 41. Re1 dxe4 42. Rxe4+ Kf7 43. Rce2 Rd8 44. Nh6+ Kg7 45. Re6 Rf8 46. Kg2 b4 47.
Ng4 b3 48. Re7+ Rf7 49. Re8 Rb7 50. R2e6 b2 51. Rh6 b1=Q 52. Rhh8 Rb2+ 53. Kh3 Qf1# 0-1

[Event "Late-Titled-Tuesday-Blitz-March-26-2024"]
[Site "Chess.com"]
[Date "2024.03.26"]
[Round "5"]
[White "bazar-wokzal"]
[Black "falzehope0"]
[Result "1-0"]
[WhiteElo "2573"]
[BlackElo "2386"]
[TimeControl "180+1"]
[EndTime "14:57:06 PDT"]
[Termination "bazar-wokzal won on time"]

1. e4 d6 2. f4 Nf6 3. Nc3 e5 4.
Nf3 Nbd7 5. Bc4 Be7 6. O-O O-O 7. d4 exd4 8. Qxd4 d5 9. Kh1 Bc5 10. Qd3 dxc4 11. Qxc4 Bb6 12. e5 Ng4 13. h3 Nh6 14. g4 Kh8 15. f5 Ng8 16. Bf4 c6 17. Rad1 Qe8 18. Ne4 Bc7 19. Qc3 Nb6 20. Bh2 f6 21. e6 Bxh2 22. Kxh2 Nd5 23. Qb3 Nge7 24. c4 Nxf5 25. cxd5 cxd5 26. gxf5 dxe4 27. Nd4 b6 28. Nb5 Qh5 29. Nd6 Ba6 30. Rfe1 Be2 31. Rd2 Bf3 32.
e7 Qh6 33. exf8=Q+ Rxf8 34. Nf7+ Rxf7 35. Rd8+ 1-0

[Event "Late-Titled-Tuesday-Blitz-March-26-2024"]
[Site "Chess.com"]
[Date "2024.03.26"]
[Round "5"]
[White "HajiyevKanan"]
[Black "sacrifoice"]
[Result "1-0"]
[WhiteElo "2542"]
[BlackElo "2237"]
[TimeControl "180+1"]
[EndTime "14:57:06 PDT"]
[Termination "HajiyevKanan won by checkmate"]

1. d4 Nf6 2. Nf3 e6 3. c4 b6 4. g3 Bb7 5. Bg2 Bb4+ 6. Bd2 Qe7 7. O-O Bxd2 8. Qxd2 O-O 9. Nc3 Ne4 10. Qc2 Nxc3 11.
Qxc3 d6 12. Rfe1 f5 13. b4 Nd7 14. Nh4 Bxg2 15. Nxg2 a5 16. a3 e5 17. dxe5 Qxe5 18. Qd2 axb4 19. Qxb4 Nc5 20. Nf4 Ra4 21. Qb5 Rfa8 22.
Qc6 Rxa3 23. Rxa3 Rxa3 24. Qxc7 Ra1 25. Rxa1 Qxa1+ 26. Kg2 Qe5 27. Qxb6 g5 28. Qd8+ Kf7 29. Qxg5 Ne4 30. Qh5+ Kg7 31. Qh4 Nf6 32. Nh5+ Nxh5 33. Qg5+ Kh8 34. Qxh5 Qe4+ 35. Qf3 Qxc4 36. Qxf5 Qxe2 37.
Qf8# 1-0

[Event "Late-Titled-Tuesday-Blitz-March-26-2024"]
[Site "Chess.com"]
[Date "2024.03.26"]
[Round "5"]
[White "Blackmind96"]
[Black "Sanan_Sjugirov"]
[Result "0-1"]
[WhiteElo "2735"]
[BlackElo "3004"]
[TimeControl "180+1"]
[EndTime "14:57:07 PDT"]
[Termination "Sanan_Sjugirov won by resignation"]

1. d4 Nf6 2. c4 e6 3. Nc3 Bb4 4. e3 Bxc3+ 5. bxc3 b6 6. Bd3 Bb7 7. f3 d6 8. e4 Nfd7 9. Ne2 Qh4+ 10. Ng3 Nc6 11. O-O Na5 12. Qe2 h5 13. Be3 Qe7 14. f4 h4 15. Nh1 h3 16. g3 O-O-O 17. Nf2 g6 18. Rfe1 Rde8 19. Bc1 f6 20. Ba3 Qf7 21.
Bb4 Nc6 22. Ba3 f5 23. Qd2 Kb8 24. c5 dxc5 25. dxc5 e5 26. cxb6 axb6 27. Bb5 exf4 28. Qxf4 Nde5 29. Rad1 Qxa2 30. Ra1 Qb3 31. Reb1 Qe6 32.
Bc1 fxe4 33. Be3 Rhf8 34. Qh6 Rxf2 35. Bxf2 Nf3+ 36. Kf1 e3 37. Qxe3 Qxe3 38. Bxe3 Rxe3 39. Kf2 Rxc3 40. Rc1 Rxc1 41. Rxc1 Ncd4 42. Bf1 Bc8 43. Ke3 c5 44. Kf4 Nxh2 45. Bd3 Bf5 46. Bc4 Ng4 0-1

[Event "Late-Titled-Tuesday-Blitz-March-26-2024"]
[Site "Chess.com"]
[Date "2024.03.26"]
[Round "5"]
[White "mitrabhaa"]
[Black "snowlord"]
[Result "0-1"]
[WhiteElo "3059"]
[BlackElo "2946"]
[TimeControl "180+1"]
[EndTime "14:57:10 PDT"]
[Termination "snowlord won by resignation"]

1. Nf3 d5 2. c4 d4 3. b4 c5 4. bxc5 Nc6 5. d3 e5 6. g3 Bxc5 7. Bg2 Nf6 8. O-O h6 9. Ba3 Be7 10. Qa4 O-O 11. Bxe7 Qxe7 12. Qa3 Nb4 13. Ne1 Re8 14. Qb3 a5 15. Nc2 Nxc2 16. Qxc2 e4 17. Nd2 e3 18. Nb3 exf2+ 19. Rxf2 Ng4 20. Rf4 Qe3+ 21. Kh1 Nf2+ 22. Rxf2 Qxf2 23. Bf3 Bh3 24. Qd1 Rxe2 25. Qxe2 Bg2+ 26. Bxg2 Qxe2 27. Bxb7 Rb8 28. Be4 a4 29. c5 axb3 30. axb3 g6 31. c6 Qc2 32.
Bd5 Re8 33. Rf1 Re2 34. Rxf7 h5 35. c7 Kh8 36. Kg1 Re1+ 37. Rf1 Rxf1+ 38. Kxf1 Qxc7 39. Bc4 Kg7 0-1

[Event "Late-Titled-Tuesday-Blitz-March-26-2024"]
[Site "Chess.com"]
[Date "2024.03.26"]
[Round "5"]
[White "Meri-Arabidze"]
[Black "KuzubovYuriy"]
[Result "0-1"]
[WhiteElo "2681"]
[BlackElo "2924"]
[TimeControl "180+1"]
[EndTime "14:57:10 PDT"]
[Termination "KuzubovYuriy won on time"]

1. Nf3 d5 2. c4 d4 3. b4 g5 4. h3 Bg7 5. d3 h6 6. g3 e5 7.
Bg2 Nd7 8. a4 f5 9. O-O Ngf6 10. b5 O-O 11. Ba3 Re8 12. c5 g4 13.
hxg4 Nxg4 14. c6 bxc6 15. Nh4 Ndf6 16. Bxc6 Bd7 17. Bxa8 Qxa8 18. Nd2 e4 19. Nc4 f4 20.
f3 exf3 21. Rxf3 fxg3 22. Rxg3 Qd5 23. Qf1 Nh5 24. Qg2 Qg5 25. Nf3 Qf4 26. Rh3 Ne3 27. Qh2 Qg4+ 28. Kf2 Qxh3 29. Qxh3 Bxh3 30. Rh1 Ng4+ 31. Ke1 Nf4 32. Kd1 Bg2 33. Rh4 h5 34. Ne1 Bd5 35. Bc1 Bf6 0-1

[Event "Late-Titled-Tuesday-Blitz-March-26-2024"]
[Site "Chess.com"]
[Date "2024.03.26"]
[Round "5"]
[White "kinga2008"]
[Black "EsmeraldasAnderson03"]
[Result "0-1"]
[WhiteElo "2444"]
[BlackElo "2612"]
[TimeControl "180+1"]
[EndTime "14:57:10 PDT"]
[Termination "EsmeraldasAnderson03 won by resignation"]

1. d4 d5 2. c4 dxc4 3. Nc3 Nf6 4. e4 e6 5. Bxc4 a6 6. Nf3 b5 7. Bd3 Bb7 8. Bg5 Be7 9. Bxf6 Bxf6 10. e5 Be7 11. O-O O-O 12. Ne4 Nd7 13. Rc1 Rc8 14. Qd2 c5 15. Qf4 cxd4 16. Nxd4 Rxc1 17. Rxc1 Nb6 18.
Nd6 Nd5 19. Qe4 f5 20. exf6 Nxf6 21. Qxe6+ Kh8 22. Nxb7 Qxd4 23. Qxe7 Re8 24. Qd6 Qxb2 25. Qc6 Rf8 26. Nd6 Ng4 27. Nf7+ Kg8 28. h3 Qxf2+ 29. Kh1 Ne3 30. Nh6+ gxh6 31. Qe6+ Kh8 32. Qe5+ Kg8 33.
Qe4 Nf5 34. Rd1 Ng3+ 0-1

[Event "Late-Titled-Tuesday-Blitz-March-26-2024"]
[Site "Chess.com"]
[Date "2024.03.26"]
[Round "5"]
[White "CrushingKings"]
[Black "stepanosinovsky"]
[Result "1-0"]
[WhiteElo "2568"]
[BlackElo "2381"]
[TimeControl "180+1"]
[EndTime "14:57:10 PDT"]
[Termination "CrushingKings won on time"]

1. Nf3 Nf6 2. g3 g6 3. b3 Bg7 4. Bb2 O-O 5. Bg2 b6 6. O-O Bb7 7. c4 d6 8. d4 Nbd7 9. Nc3 e5 10. dxe5 dxe5 11. Qc2 c6 12. Rfd1 Qc7 13. Ba3 Nc5 14.
Bxc5 bxc5 15. Ng5 Rad8 16. e3 Bc8 17. Na4 Rxd1+ 18. Rxd1 Rd8 19. Nxc5 Bg4 20. Rxd8+ Qxd8 21. h3 Bf5 22. Nge4 Qa5 23. g4 Qe1+ 24. Bf1 Bc8 25. Qd3 Nxe4 26. Qd8+ Bf8 27. Nxe4 Be6 28. Ng5 Qa1 29.
Nxe6 fxe6 30. Qe8 1-0

[Event "Late-Titled-Tuesday-Blitz-March-26-2024"]
[Site "Chess.com"]
[Date "2024.03.26"]
[Round "5"]
[White "Konavets"]
[Black "DanielDardha2005"]
[Result "1-0"]
[WhiteElo "3153"]
[BlackElo "2865"]
[TimeControl "180+1"]
[EndTime "14:57:13 PDT"]
[Termination "Konavets won by checkmate"]

1. c4 Nf6 2. Nc3 e6 3. e4 d5 4.
e5 d4 5. exf6 dxc3 6. bxc3 Qxf6 7.
Nf3 b6 8. d4 Bb7 9. Bd3 Qd8 10.
Ng5 Be7 11. Qh5 Bxg5 12. Bxg5 Qd7 13. a4 Nc6 14. a5 Nxa5 15. O-O h6 16. Rfe1 Kf8 17.
Re3 Kg8 18. Bf4 f5 19. d5 Qf7 20. Qh3 Nb3 21. Rae1 Nc5 22. dxe6 Qe7 23. Bxf5 a5 24. Bg6 a4 25. Qf5 Qf6 26. Qxf6 gxf6 27. e7 Kg7 28. e8=Q Rhxe8 29. Bxe8 a3 30. Rg3+ Kh7 31. Bg6+ Kh8 32. Bb1 a2 33. Bxa2 Rxa2 34. Bxc7 Ne4 35. Rf3 Rc2 36.
Bxb6 Nxc3 37. Rfe3 Ne4 38. Bd4 Rxc4 39. Ba1 Kh7 40. f3 Ng5 41. Re7+ Kg6 42. Rxb7 Rc8 43. Rb6 Rg8 44. Rxf6+ Kh5 45. g4+ Kh4 46. Rxh6# 1-0

[Event "Late-Titled-Tuesday-Blitz-March-26-2024"]
[Site "Chess.com"]
[Date "2024.03.26"]
[Round "5"]
[White "yuriydovzik"]
[Black "onnoelgersma"]
[Result "0-1"]
[WhiteElo "2113"]
[BlackElo "2514"]
[TimeControl "180+1"]
[EndTime "14:57:16 PDT"]
[Termination "onnoelgersma won on time"]

1. b3 b6 2. e4 Bb7 3. Nc3 c5 4. Bb2 e6 5. Nf3 Nc6 6. g3 Nf6 7. d3 Be7 8. Bg2 O-O 9. O-O d6 10. h3 a6 11. Ne2 b5 12. Nd2 Qb6 13. Kh2 d5 14. exd5 exd5 15. Nf4 Nd4 16. c3 Nf5 17. c4 dxc4 18. dxc4 Bxg2 19. Kxg2 Rad8 20. Qc2 Nd4 21. Bxd4 cxd4 22. Rae1 Bb4 23. Re5 Qb7+ 24. Nf3 Bc3 25. Qd3 bxc4 26. bxc4 Rfe8 27. Nd5 Nxd5 28. cxd5 Rxe5 29.
Nxe5 Qxd5+ 30. Nf3 Qxa2 31. Rd1 Qd5 0-1

[Event "Late-Titled-Tuesday-Blitz-March-26-2024"]
[Site "Chess.com"]
[Date "2024.03.26"]
[Round "5"]
[White "AlexeiShirov"]
[Black "YegoryoCh"]
[Result "1-0"]
[WhiteElo "2827"]
[BlackElo "2556"]
[TimeControl "180+1"]
[EndTime "14:57:17 PDT"]
[Termination "AlexeiShirov won by resignation"]

1. e4 e5 2. Nf3 Nc6 3. Bc4 Nf6 4. d3 Bc5 5. Bg5 d6 6. c3 h6 7. Bh4 g5 8. Bg3 Bg4 9. b4 Bb6 10. Nbd2 Qd7 11. a4 a5 12. b5 Ne7 13. h4 O-O-O 14. Bxf7 Rdf8 15. Qb3 gxh4 16. Bxh4 Nh5 17. Nc4 Bc5 18.
Nfxe5 dxe5 19. Nxe5 Qd6 20. Nxg4 Qxd3 21. Qc4 Qxc4 22. Bxc4 Ng6 23. Be6+ Kb8 24. Bf5 Nxh4 25. Rxh4 Ng7 26. Bg6 Rf4 27. g3 Rf3 28. Rc1 h5 29. Ne5 Bxf2+ 30. Ke2 Be3 31. Kxf3 Bxc1 32. Nd3 Bd2 33. c4 Rf8+ 34. Ke2 Bg5 35. Rh1 Ne6 36. Ne5 Kc8 37. Bf5 Re8 38. Rxh5 Bf6 39. Ng4 Bg7 40. Rh7 Bf8 41. Nf6 1-0

[Event "Late-Titled-Tuesday-Blitz-March-26-2024"]
[Site "Chess.com"]
[Date "2024.03.26"]
[Round "5"]
[White "ahmedkandiliii"]
[Black "dawid498"]
[Result "1-0"]
[WhiteElo "2532"]
[BlackElo "2679"]
[TimeControl "180+1"]
[EndTime "14:57:17 PDT"]
[Termination "ahmedkandiliii won on time"]

1. e4 g6 2. d4 Bg7 3. Nc3 c6 4. Be3 d5 5. e5 f6 6. Nf3 Nh6 7. Qd2 Nf7 8. exf6 exf6 9. O-O-O O-O 10. Bd3 Bg4 11. h3 Bxf3 12. gxf3 f5 13. Rdg1 Qh4 14. Ne2 Nd7 15. Ng3 Nd6 16. Bf4 Nc4 17. Bxc4 dxc4 18. c3 h6 19. Bd6 Rf6 20. Be5 Nxe5 21. dxe5 Rf7 22. f4 Rd8 23. Qe3 Rd3 24. e6 Re7 25. Nxf5 gxf5 26. Qe5 Kf8 27. Qb8+ Re8 28. Qc7 1-0

[Event "Late-Titled-Tuesday-Blitz-March-26-2024"]
[Site "Chess.com"]
[Date "2024.03.26"]
[Round "5"]
[White "Zq1"]
[Black "MathiasWomacka"]
[Result "1-0"]
[WhiteElo "2639"]
[BlackElo "2482"]
[TimeControl "180+1"]
[EndTime "14:57:17 PDT"]
[Termination "Zq1 won by resignation"]

1. d4 Nf6 2. c4 e6 3. Nf3 Bb4+ 4. Bd2 Qe7 5. g3 Bxd2+ 6. Qxd2 Nc6 7. Nc3 d5 8. Bg2 dxc4 9. O-O O-O 10. e4 Rd8 11. Rfd1 Rb8 12. a4 a6 13. Qf4 h6 14. a5 Ne8 15. d5 Nb4 16. Ne5 Nd6 17. Ra4 f6 18.
Ng6 Qf7 19. Rxb4 Qxg6 20. dxe6 Bxe6 21. Nd5 Bxd5 22. Rxd5 Re8 23. f3 Qf7 24. h4 Qe7 25.
Ra4 Rbd8 26. Ra1 c6 27. Rd4 Qe5 28. Rad1 Qxf4 29. gxf4 Nf7 30. Bf1 Rxd4 31. Rxd4 Rd8 32. Rxd8+ Nxd8 33. Bxc4+ Kf8 34. Kf2 Ke7 35. Ke3 Kd6 36.
Kd4 Ne6+ 37. Bxe6 Kxe6 38. Kc5 g5 39. fxg5 fxg5 40. hxg5 h5 41. Kd4 h4 42. Ke3 Ke5 43.
f4+ Ke6 44. Kf3 b5 45. axb6 Kd6 46. g6 1-0

[Event "Late-Titled-Tuesday-Blitz-March-26-2024"]
[Site "Chess.com"]
[Date "2024.03.26"]
[Round "5"]
[White "ContrVersia"]
[Black "rezamahdavi2008"]
[Result "0-1"]
[WhiteElo "2923"]
[BlackElo "2873"]
[TimeControl "180+1"]
[EndTime "14:57:19 PDT"]
[Termination "rezamahdavi2008 won by resignation"]

1. Nf3 Nf6 2. c4 e6 3. g3 d5 4. Bg2 d4 5. e3 c5 6. exd4 cxd4 7.
d3 Nc6 8. O-O Bd6 9. Re1 O-O 10.
Bd2 a5 11. Na3 e5 12. Nb5 Bb8 13. Bg5 h6 14. Bxf6 Qxf6 15. c5 Bf5 16. a3 Rd8 17.
Qc2 a4 18. Nd2 Ra5 19. Nd6 Bxd6 20. cxd6 Qxd6 21. Nc4 Qc5 22. Rac1 Ra6 23. Qd2 Qe7 24. Bxc6 Rxc6 25. Rxe5 Qf6 26. Rce1 Be6 27. Na5 Rb6 28. Qc2 Rc8 29. Qe2 Rc7 30. f4 g6 31. Qf2 Rd6 32. f5 gxf5 33. Qf4 Rc2 34. Nxb7 Rb6 35. Nc5 Rbxb2 36.
Nxe6 Rg2+ 37. Kf1 Rxh2 38. Kg1 Rhg2+ 39. Kf1 Rh2 40. Kg1 Qg6 41. Nxd4 Rbg2+ 42. Kf1 Rxg3 43. Nf3 Rg1+ 0-1

[Event "Late-Titled-Tuesday-Blitz-March-26-2024"]
[Site "Chess.com"]
[Date "2024.03.26"]
[Round "5"]
[White "Eloist"]
[Black "Zavgorodniy_Sergiy"]
[Result "0-1"]
[WhiteElo "2483"]
[BlackElo "2648"]
[TimeControl "180+1"]
[EndTime "14:57:20 PDT"]
[Termination "Zavgorodniy_Sergiy won by resignation"]

1. e4 c6 2. Nf3 d5 3. d3 Qc7 4. Nc3 dxe4 5. Nxe4 Bg4 6. h3 Bh5 7. Be2 Nd7 8. O-O Ngf6 9. Ng3 Bg6 10. Nh4 e6 11.
Nxg6 hxg6 12. b3 Bc5 13. Bb2 Qxg3 14. d4 Bxd4 15. Qxd4 Qg5 16. Ba3 Qd5 17. Qe3 Qe5 18. Qd2 O-O-O 19. Bd6 Qd5 20. Rfd1 Qxd2 21. Rxd2 Ne4 22.
Rd3 Nxd6 23. Rxd6 Nf6 24. Rxd8+ Rxd8 25. h4 Rd2 26. Bd3 Ng4 27. Rf1 Ne5 28. Be4 f5 29. f4 Ng4 30. Bd3 Ne3 31. Rf2 Rd1+ 32. Bf1 Kd7 33. Rf3 Rxf1+ 34. Rxf1 Nxf1 35. Kxf1 Kd6 36. Ke2 e5 37. Ke3 e4 38. Kd4 c5+ 39. Ke3 b5 40. c3 Kd5 41. a3 a5 42. g3 a4 43.
c4+ bxc4 44. bxa4 c3 45. a5 Kc6 46. Ke2 c4 47. a4 Kb7 48. Kd1 e3 49. g4 Ka6 50. h5 gxh5 0-1